 Dungeon Crawl Stone Soup version 0.17-a0-1840-g87820a2 (webtiles) character file.

104 shakdrar the Conjurer (level 4, -5/24 HPs)
             Began as a Deep Elf Conjurer on Sept 16, 2015.
             Slain by a gnoll
             ... wielding a +0 halberd
              (19 damage)
             ... on level 4 of the Dungeon.
             The game lasted 00:11:33 (2578 turns).

shakdrar the Conjurer (Deep Elf Conjurer)           Turns: 2578, Time: 00:11:33

Health: -5/24      AC:  4    Str:  6    XL:     4   Next: 52%
Magic:  2/12       EV: 13    Int: 18    God:
Gold:   111        SH:  0    Dex: 17    Spells: 4 memorised, 1 level left

rFire  . . .     SeeInvis .     l - -1 dagger (curse)
rCold  . . .     Clarity  .     a - +1 robe
rNeg   . . .     SustAt   +     (no shield)
rPois  .         Gourm    .     h - +1 hat
rElec  .         Spirit   .     (no cloak)
rCorr  .         Warding  .     (no gloves)
rMut   .         Stasis   .     (no boots)
MR     .....                    (no amulet)
Stlth  ++........               i - ring of flight
                                f - ring of sustain attributes

@: very slightly contaminated, not resistant to hostile enchantments, unstealthy
A: talons 1, agile 1, dopey 1
a: Evoke Flight


You were on level 4 of the Dungeon.
You were not hungry.

You visited 1 branch of the dungeon, and saw 4 of its levels.

You collected 111 gold pieces.

Inventory:

Hand weapons
 d - a +0 dagger
 k - a +1 dagger of venom
 l - a cursed -1 dagger (weapon)
Armour
 a - a +1 robe (worn)
 h - a +1 hat (worn)
Jewellery
 f - a ring of sustain attributes (left hand)
 i - a ring of flight (right hand)
Scrolls
 j - a scroll of fog
 n - 2 scrolls of recharging
 o - a scroll of teleportation
Potions
 e - 3 potions of curing
 g - 3 potions of heal wounds
Books
 b - a book of Conjurations

   Spells                             Type                      Level
   a - Magic Dart                     Conjuration                  1
   b - Searing Ray                    Conjuration                  2
   c - Dazzling Spray                 Conjuration/Hexes            3
   d - Fulminant Prism                Conjuration/Hexes            4
   e - Iskenderun's Mystic Blast      Conjuration                  4
   f - Iskenderun's Battlesphere      Conjuration/Charms           5
Comestibles
 c - a bread ration
 m - 2 royal jellies


   Skills:
 - Level 2.4 Dodging
 - Level 2.4 Stealth
 - Level 4.2 Spellcasting
 + Level 5.7 Conjurations
 + Level 1.6 Hexes


You had one spell level left.
You knew the following spells:

 Your Spells              Type           Power        Failure   Level  Hunger
a - Magic Dart            Conj           ###.         1%          1    None
b - Searing Ray           Conj           ###...       1%          2    ##.....
c - Dazzling Spray        Conj/Hex       ###.....     12%         3    ###....
d - Iskenderun's Mystic   Conj           ###.....     17%         4    ####...


Dungeon Overview and Level Annotations

Branches:
Dungeon (4/15)
 Temple: D:4-7

Altars:
Elyvilon

Annotations:
D:3 B1inky's ghost, average VSMo


Innate Abilities, Weirdness & Mutations

You have sharp toenails.
You are agile. (Dex +2)
You are dopey. (Int -2)


Message History

The gnoll hits you from afar with a halberd!
The gnoll hits you but does no damage.
Casting: Dazzling Spray
Confirm with . or Enter, or press ? or * to list all spells.
Aiming: Magic Dart
Press: ? - help, Shift-Dir - straight line, f/p - gnoll
Aim: a gnoll, wielding a halberd (lightly wounded)
The magic dart hits the gnoll.
The gnoll is severely wounded.
The gnoll barely misses you.
Casting: Magic Dart
Confirm with . or Enter, or press ? or * to list all spells.
Aiming: Magic Dart
Press: ? - help, Shift-Dir - straight line, f/p - gnoll
Aim: a gnoll, wielding a halberd (severely wounded)
The magic dart hits the gnoll.
The gnoll is almost dead.
The gnoll hits you from afar with a halberd!!
Ouch! That really hurt!
You die...

#....# #....#
##'###########'####
#...#..............
#.............<....
#.....#............
#.g...#............
#...^.#............
#.@...####+#####...
#.....# ... #.....#
... #.....+ ...
#.....# ###+###


You could see a gnoll.

Vanquished Creatures
  Ijyb (D:2)
  2 gnolls (D:3)
  An adder (D:2)
  2 giant geckos (D:2)
  2 giant cockroaches (D:1)
  2 hobgoblins
  7 jackals
  2 kobolds
  A quokka (D:2)
  2 ball pythons
  5 bats
  A giant newt (D:1)
  12 goblins
  6 rats
46 creatures vanquished.

Vanquished Creatures (others)
  An adder (D:2)
1 creature vanquished.

Grand Total: 47 creatures vanquished

Notes
Turn   | Place    | Note
--------------------------------------------------------------
     0 | D:1      | shakdrar the Deep Elf Conjurer began the quest for the Orb.
     0 | D:1      | Reached XP level 1. HP: 10/10 MP: 6/6
   654 | D:1      | Reached XP level 2. HP: 15/15 MP: 6/8
   658 | D:1      | Learned a level 2 spell: Searing Ray
  1190 | D:2      | Reached skill level 5 in Conjurations
  1394 | D:2      | Found a white marble altar of Elyvilon.
  1553 | D:2      | Reached XP level 3. HP: 19/19 MP: 5/10
  1869 | D:2      | Noticed Ijyb
  1881 | D:2      | Killed Ijyb
  1881 | D:2      | Reached XP level 4. HP: 22/24 MP: 1/12
  1984 | D:2      | Gained mutation: You are agile. (Dex +2) [potion of mutation]
  1984 | D:2      | Gained mutation: You have sharp toenails. [potion of mutation]
  1984 | D:2      | Gained mutation: You are dopey. (Int -2) [potion of mutation]
  2210 | D:3      | Learned a level 3 spell: Dazzling Spray
  2215 | D:3      | Learned a level 4 spell: Iskenderun's Mystic Blast
  2244 | D:3      | Noticed B1inky's ghost (average VSMo)
  2482 | D:3      | Reached skill level 1 in Hexes
  2578 | D:4      | Slain by a gnoll

Vault maps used:
D:1:      scummos_arrival_simple_crosswalls
D:2:      kennysheep_goblin_castle, elyvilon_altar_4
D:3:      first_bread, minmay_tree_intersection, minmay_cupped
D:4:      hangedman_decor_riveting

Action                   |  1- 3 |  4- 6 || total
-------------------------+-------+-------++-------
Melee: Dagger            |     2 |       ||     2
 Cast: Magic Dart        |    60 |    31 ||    91
       Dazzling Spray    |       |     1 ||     1
  Use: Scroll            |     5 |     2 ||     7
       Potion            |       |     3 ||     3
  Eat: Chunk             |     3 |     1 ||     4
       Bread ration      |       |     1 ||     1
